Map: Ruins of Endion

Players

CowSheep

  • Race: Zerg Zerg
  • League: Master

Miszu - Winner!

  • Race: Terran Terran
  • League: Master

VOD

Have the link to the VOD?

Description

Time

  • Played on: June 29, 2016, 2:09 p.m.
  • Length: 3:07
Show
View Real Time Build Order
Export as new Build Order

CowSheep Zerg 

Build Orders: Hatch First 

Get SALT Encoding   

  12  0:02  Drone  
  13  0:10  Drone  
  14  0:17  Overlord  
  14  0:23  Extractor  
  14  0:24  Drone  
  15  0:36  Drone x2  
  17  0:46  Drone  
  18  1:00  Drone, Hatchery  
  18  1:14  Drone  
  18  1:17  Extractor  
  18  1:19  Spawning Pool  
  17  1:28  Drone  
  17  1:30  Overlord  
  17  2:07  Zergling x6  
  20  2:09  Queen  
  20  2:14  Zergling x2  
  23  2:33  Zergling x2  
  23  2:34  Zergling x4  
  20  2:52  Spine Crawler  
Show
View Real Time Build Order
Export as new Build Order

Miszu Terran - Winner!

Build Orders:  

Get SALT Encoding   

  12  0:00  SCV  
  13  0:14  SCV  
  14  0:18  Supply Depot  
  14  0:26  SCV  
  15  0:42  Barracks  
  15  0:52  Barracks  
  15  1:07  Barracks  
  15  1:29  Marine  
  15  1:30  Barracks  
  16  1:40  Marine  
  16  1:41  Supply Depot  
  17  1:47  Marine  
  17  1:53  Marine  
  19  1:57  Marine  
  20  2:05  Marine  
  21  2:11  Marine  
  22  2:15  Marine  
  23  2:23  Marine x2  
  23  2:29  Marine  
  24  2:43  Marine  
  24  2:44  Marine x2  
  22  2:47  Marine  
Tags
 
Add a new tag
Caveats
  • Supply blocks, unpowered buildings, or Contaminate may cause inaccurate times.
  • Supply counts are checked every 10 seconds.